 Dungeon Crawl Stone Soup version 0.20.0-15-g7f486f2 (webtiles) character file.

476 Merkmirnix the Covert (level 6, -1/47 HPs)
             Began as a Vampire Assassin on July 1, 2017.
             Slain by a scorpion (7 damage)
             ... on level 4 of the Dungeon.
             The game lasted 00:28:25 (3872 turns).

Merkmirnix the Covert (Vampire Assassin)            Turns: 3872, Time: 00:28:26

Health: -1/47      AC: 14    Str: 10 (12) XL:     6   Next: 85%
Magic:  6/6        EV:  1    Int: 16      God:
Gold:   210        SH:  0    Dex: 14 (16) Spells: 5/5 levels left

rFire    . . .     SeeInvis +   a - +2 dagger
rCold    + . .     Gourm    .   (no shield)
rNeg     + + +     Faith    .   z - +3 plate armour of Hedging {rN+ Int+3}
rPois    +         Spirit   .   (no helmet)
rElec    .         Reflect  .   d - +0 cloak
rCorr    .         Harm     .   (no gloves)
MR       +....                  (no boots)
Stlth    +.........             (no amulet)
Regen    0.1/turn               s - ring of protection from magic
MPRegen  0.1/turn               (no ring)

@: very slightly contaminated, regenerating slowly, hasted, very quick
A: fangs 3, see invisible, unbreathing
a: Bat Form


You were on level 4 of the Dungeon.
You were thirsty.

You visited 1 branch of the dungeon, and saw 4 of its levels.

You collected 210 gold pieces.

Inventory:

Hand Weapons
 a - a +2 dagger (weapon)
 b - a +0 blowgun
Missiles
 e - 8 poisoned needles
 f - 2 curare-tipped needles
Armour
 c - a +0 robe
 d - a +0 cloak (worn)
 z - the +3 plate armour of Hedging (worn) {rN+ Int+3}
   (You found it on level 4 of the Dungeon)

   It affects your intelligence (+3).
   It protects you from negative energy.
Jewellery
 h - an uncursed ring of protection from cold {unknown}
 s - a ring of protection from magic (left hand)
Wands
 u - a wand of lightning (8/15)
Scrolls
 i - 9 scrolls of identify {unknown}
 k - a scroll of teleportation {unknown}
 m - a scroll of random uselessness {unknown}
 o - a scroll of noise {unknown}
 p - 3 scrolls of recharging {unknown}
 v - a scroll of immolation {unknown}
 x - 2 scrolls of blinking {unknown}
 y - a scroll of fog {unknown}
Potions
 g - 8 potions of blood
 q - 2 potions of mutation {unknown}
 t - a potion of haste
 w - a potion of berserk rage
Comestibles
 n - a fruit
 r - 5 bread rations


   Skills:
 + Level 3.0 Fighting
 + Level 5.0 Short Blades
 + Level 1.6 Throwing
 + Level 0.1 Armour
 + Level 2.8 Dodging
 + Level 9.0 Stealth
 + Level 0.2 Unarmed Combat


You had 5 spell levels left.
You didn't know any spells.

Dungeon Overview and Level Annotations

Branches:
Dungeon (4/15)
 Temple: D:4-7

Altars:
Cheibriados
Okawaru
Ru

Annotations:
D:4 ANON1729's ghost, amateur TeCj


Innate Abilities, Weirdness & Mutations

You heal slowly.
You have razor-sharp teeth.
You have supernaturally acute eyesight. (SInv)
You can survive without breathing.


Message History

The worm is severely wounded.
The worm bites you but does no damage.
You hit the worm.
The worm is severely wounded.
You hit the worm but do no damage.
The worm is severely wounded.
The worm bites you but does no damage.
You hit the worm. You bite the worm.
You kill the worm!
It was a potion of haste.
You feel yourself speed up.
Your plate armour of Hedging prevents you from hitting the scorpion.
You bite the scorpion.
The scorpion is lightly wounded.
The scorpion stings you but does no damage.
You hit the scorpion.
The scorpion is moderately wounded.
You barely miss the scorpion.
The scorpion is moderately wounded.
The scorpion stings you!
You die...

#.##.##......$....#
##O##.##...........#
....#..'...........#
##s.#..#...........#
....#..#...........#
....W..#...........#
....#.....##.....###
.##.###...##.....#
....# .>##...s@#
##### .##.....#
##...†?# #.....#
#.....# #.....#
#.....# #.....#
#.....#


You could see a scorpion.

Vanquished Creatures
  An ogre (D:4)
  A centaur (D:3)
  A hound (D:3)
  Jessica (D:2)
  An orc wizard (D:3)
  A worker ant (D:4)
  Robin (D:4)
  3 gnolls (D:4)
  5 adders
  2 adder skeletons (D:4)
  6 worms
  A leopard gecko (D:2)
  7 orcs (D:3)
  7 bats
  9 giant cockroaches
  18 goblins
  9 hobgoblins
  2 quokkas
  A ball python (D:4)
  5 frilled lizards
  7 kobolds
  A leopard gecko skeleton (D:4)
  11 rats
101 creatures vanquished.

Vanquished Creatures (others)
  An orc (D:3)
1 creature vanquished.

Grand Total: 102 creatures vanquished

Notes
Turn   | Place    | Note
-------+----------+-------------------------------------------
     0 | D:1      | Merkmirnix the Vampire Assassin began the quest for the Orb.
     0 | D:1      | Reached XP level 1. HP: 16/16 MP: 1/1
    46 | D:1      | Reached skill level 6 in Stealth
   241 | D:1      | Reached XP level 2. HP: 22/22 MP: 2/2
   544 | D:1      | Reached XP level 3. HP: 27/27 MP: 3/3
   575 | D:1      | Reached skill level 7 in Stealth
   911 | D:2      | Reached XP level 4. HP: 25/33 MP: 4/4
  1011 | D:2      | Noticed Jessica
  1034 | D:2      | Killed Jessica
  1366 | D:3      | Noticed a centaur
  1370 | D:3      | Killed a centaur
  1370 | D:3      | Reached skill level 8 in Stealth
  1370 | D:3      | Reached XP level 5. HP: 39/39 MP: 5/5
  1823 | D:3      | Found an iron altar of Okawaru.
  1823 | D:3      | Found a snail-covered altar of Cheibriados.
  1825 | D:3      | Found a sacrificial altar of Ru.
  2385 | D:3      | Reached XP level 6. HP: 20/46 MP: 6/6
  3043 | D:4      | Noticed Robin
  3093 | D:4      | Killed Robin
  3321 | D:4      | Got a jewelled plate armour
  3332 | D:4      | Identified the +3 plate armour of Hedging {rN+ Int+3} (You found it on level 4 of the Dungeon)
  3769 | D:4      | Noticed ANON1729's ghost (amateur TeCj)
  3803 | D:4      | HP: 2/46 [ogre/giant club (12)]
  3810 | D:4      | Reached skill level 9 in Stealth
  3839 | D:4      | Reached skill level 5 in Short Blades
  3872 | D:4      | Slain by a scorpion

Skill      XL: |  1  2  3  4  5  6 |
---------------+-------------------+-----
Stealth        | 6 7 8 9 |  9.0
Fighting       | 2 3 |  3.0
Short Blades   | 3 4 5 |  5.0
Dodging        | 2 |  2.8
Throwing       | |  1.6
Armour         | |  0.1
Unarmed Combat | |  0.2

Action                   |  1- 3 |  4- 6 || total
-------------------------+-------+-------++-------
Melee: Dagger            |    90 |   257 ||   347
       Bite              |     9 |    27 ||    36
       Unarmed           |       |    14 ||    14
 Abil: End Transformatio |       |     4 ||     4
       Bat Form          |       |     4 ||     4
  Use: Potion            |       |    14 ||    14
 Stab: Sleeping          |    15 |    15 ||    30
       Invisible         |       |     1 ||     1
Armor: Robe              |    10 |    20 ||    30
       Plate armour      |       |    46 ||    46
Dodge: Dodged            |    37 |   132 ||   169
